 Dungeon Crawl Stone Soup version 0.22-a0-305-gd21a89c (webtiles) character file.

294500 erloom the Warrior (level 20, -10/162 HPs)
             Began as a Gnoll Wanderer on Mar 26, 2018.
             Was the Champion of Okawaru.
             Mangled by a vault warden
             ... wielding a +0 halberd
              (37 damage)
             ... on level 2 of the Vaults on Mar 30, 2018.
             The game lasted 04:52:04 (48457 turns).

erloom the Warrior (Gnoll Wanderer)                Turns: 48457, Time: 04:52:04

Health: -10/162    AC: 26    Str: 36    XL:     20   Next: 85%
Magic:  19/37      EV: 26    Int: 12    God:    Okawaru [******]
Gold:   2715       SH:  0    Dex: 18    Spells: 19/45 levels left

rFire    . . .     SeeInvis .   a - +9 bardiche of Kismet {chop, Str+7}
rCold    + + .     Gourm    .   (shield currently unavailable)
rNeg     + . .     Faith    .   S - +2 ring mail "Bilidibe" {rElec rN+}
rPois    +         Spirit   .   j - +2 helmet
rElec    +         Reflect  .   J - +2 cloak
rCorr    .         Harm     .   x - +2 pair of gloves {Dex+3}
MR       ++++.                  d - +2 pair of boots of the Trees {rC++ Dex-2}
Stlth    +++++++...             q - amulet of the Harvest {+Rage rPois MR+ Int-3}
HPRegen  0.37/turn              g - +2 ring of slaying
MPRegen  0.25/turn              V - ring of the Mage {Wiz MR++ Int+3}

@: mighty, sluggish, heroism, slowed, studying Ice Magic, very slow
A: distributed training, fangs 1, strong nose
}: 2/15 runes: serpentine, barnacled
a: Heroism, Finesse, Renounce Religion, Evoke Berserk Rage


You were on level 2 of the Vaults.
You worshipped Okawaru.
Okawaru was exalted by your worship.
You were not hungry.

You visited 7 branches of the dungeon, and saw 34 of its levels.
You visited the Abyss 1 time.
You also visited: Labyrinth, Trove, Sewer and Ice Cave.

You collected 3513 gold pieces.
You spent 798 gold pieces at shops.

Inventory:

Hand Weapons
 a - the +9 bardiche of Kismet (weapon) {chop, Str+7}
   (Okawaru gifted it to you on level 4 of the Snake Pit)

   It inflicts extra damage upon your enemies.
   It affects your strength (+7).
 b - a +4 arbalest of freezing
 D - the +6 broad axe of the Demons {chop, +Fly rPois MR+ Str-4}
   (Okawaru gifted it to you on level 15 of the Dungeon)

   It inflicts extra damage upon your enemies.
   It affects your strength (-4).
   It protects you from poison.
   It affects your resistance to hostile enchantments.
   It lets you fly.
 L - the +11 scimitar "Leffuv" {antimagic, rPois Int+3 Dex+4}
   (You found it on level 10 of the Dungeon)

   It reduces the magical energy of the wielder, and disrupts the spells and
   magical abilities of those hit.
   Natural abilities and divine invocations are not affected.
   It affects your intelligence (+3).
   It affects your dexterity (+4).
   It protects you from poison.
 W - the +10 halberd of Gallantry {venom, SInv}
   (You found it on level 3 of the Shoals)

   It poisons the flesh of those it strikes.
   It lets you see invisible.
Missiles
 e - 425 bolts
 k - 291 arrows
 z - 26 javelins of penetration (quivered)
Armour
 d - the +2 pair of boots of the Trees (worn) {rC++ Dex-2}
   (You found it in a labyrinth)

   It affects your dexterity (-2).
   It greatly protects you from cold.
 j - a +2 helmet (worn)
 x - a +2 pair of gloves of dexterity (worn)
 B - a +1 buckler of fire resistance
 J - a +2 cloak (worn)
 S - the +2 ring mail "Bilidibe" (worn) {rElec rN+}
   (Okawaru gifted it to you in an ice cave)

   It insulates you from electricity.
   It protects you from negative energy.
Jewellery
 g - a +2 ring of slaying (left hand)
 o - the ring "Qiohoiwu" {Wiz MR+}
   (You took it off a merfolk on level 4 of the Shoals)

   [ring of wizardry]

   It improves your spell success rate.
   It affects your resistance to hostile enchantments.
 q - the amulet of the Harvest (around neck) {+Rage rPois MR+ Int-3}
   (You found it in a treasure trove)

   [amulet of rage]

   It affects your intelligence (-3).
   It protects you from poison.
   It affects your resistance to hostile enchantments.
   It lets you go berserk.
 v - an uncursed ring of protection from fire
 F - an uncursed ring of resist corrosion
 V - the ring of the Mage (right hand) {Wiz MR++ Int+3}
   (You took it off a frost giant on level 13 of the Dungeon)

   [ring of wizardry]

   It improves your spell success rate.
   It affects your intelligence (+3).
   It affects your resistance to hostile enchantments.
Wands
 f - a wand of flame (23)
 G - a wand of iceblast (7)
 K - a wand of disintegration (27)
 P - a wand of digging (31)
 Q - a wand of scattershot (13)
 R - a wand of acid (50)
 U - a wand of clouds (10)
Scrolls
 i - 6 scrolls of identify
 r - 4 scrolls of fog
 t - 2 scrolls of fear
 y - 5 scrolls of teleportation
 C - a scroll of summoning
 E - 7 scrolls of blinking
 H - 11 scrolls of remove curse
 T - a scroll of amnesia
Potions
 c - 3 potions of haste
 p - 18 potions of curing
 s - 2 potions of berserk rage
 u - 2 potions of heal wounds
 w - 3 potions of resistance
 I - 2 potions of cancellation
 O - a potion of invisibility
Books
 A - a manual of Ice Magic
Miscellaneous
 l - a lamp of fire
 M - a lightning rod (4/4)
 N - a lamp of fire
 X - a box of beasts
Comestibles
 h - 40 rations
 m - 4 chunks of flesh


   Skills:
 + Level 15.1(20.1) Fighting
 + Level 13.1(18.1) Short Blades
 + Level 13.1(18.1) Long Blades
 + Level 13.1(18.1) Axes
 + Level 13.1(18.1) Maces & Flails
 + Level 13.1(18.1) Polearms
 + Level 13.7(18.7) Staves
 + Level 13.1(18.1) Slings
 + Level 13.1(18.1) Bows
 + Level 13.3(18.3) Crossbows
 + Level 13.1(18.1) Throwing
 + Level 13.1(18.1) Armour
 + Level 13.1(18.1) Dodging
 + Level 13.6(18.6) Stealth
 + Level 13.3(18.3) Shields
 + Level 14.5(19.5) Unarmed Combat
 + Level 13.1 Spellcasting
 + Level 11.3 Conjurations
 + Level 11.3 Hexes
 + Level 11.3 Charms
 + Level 11.3 Summonings
 + Level 11.3 Necromancy
 + Level 11.3 Translocations
 + Level 11.3 Transmutations
 + Level 11.3 Fire Magic
 + Level 13.2 Ice Magic
 + Level 11.3 Air Magic
 + Level 11.3 Earth Magic
 + Level 11.3 Poison Magic
 + Level 14.1 Invocations
 + Level 13.1 Evocations


You had 19 spell levels left.
You knew the following spells:

 Your Spells              Type           Power        Failure   Level  Hunger
a - Regeneration          Chrm/Necr      #####.....   1%          3    None
b - Summon Butterflies    Summ           #####...     1%          1    None
c - Summon Lightning Spi  Summ/Air       #####...     1%          4    ###....
d - Swiftness             Chrm/Air       #####...     1%          2    None
e - Summon Ice Beast      Ice/Summ       #####...     1%          4    ###....
f - Spectral Weapon       Hex/Chrm       #####...     1%          3    None
g - Cause Fear            Hex            #####.....   1%          4    ###....
h - Summon Forest         Summ/Tloc      #####.....   1%          5    #####..


Dungeon Overview and Level Annotations

Branches:
Dungeon (15/15)            Temple (1/1) D:4            Lair (6/6) D:10
 Shoals (4/4) Lair:3        Snake (4/4) Lair:4        Slime (0/5) Lair:6
    Orc (2/2) D:9             Elf (0/3) Orc:2        Vaults (2/5) D:14
 Depths (0/5) D:15
  Crypt: Vaults:2-3

Altars:
Ashenzari
Dithmenos
Elyvilon
Fedhas
Gozag
Hepliaklqana
Kikubaaqudgha
Nemelex Xobeh
Okawaru
Qazlal
Sif Muna
Trog
Vehumet
Yredelemnul
Zin
The Shining One

Shops:
D:4 }   D:5 }   Orc:2 (*[}   Shoals:3 *   Snake:1 %!   Snake:3 =}=

Annotations:
D:15 exclusion: Roxanne, Roxanne


Innate Abilities, Weirdness & Mutations

Your experience applies equally to all skills.
You have very sharp teeth.
Your uncanny sense of smell can sniff out nearby items.


Message History

You feel sluggish.
Your skin stops crawling.
The vault warden barely misses you. Something hits you but does no damage.
The freezing wraith completely misses you. x2
A freezing wraith comes into view.
You closely miss the freezing wraith. Something hits you.
* * * LOW HITPOINT WARNING * * *
Something drains your vigour!
You feel as though you will be slow longer.
The vault warden completely misses you.
The freezing wraith completely misses you. x2
Something hits you but does no damage.
The vault warden activates a sealing rune.
The freezing wraith misses you. The freezing wraith hits you!
* * * LOW HITPOINT WARNING * * *
You barely miss the freezing wraith.
The ironbrand convoker casts a spell at the orc warrior.
The orc warrior seems to grow stronger.
Something hits you but does no damage. The freezing wraith barely misses you.
The freezing wraith misses you.
The vault warden hits you from afar with a halberd!!!
You die...

###'####...#...+
#......#.#.#p#.#
#[....(p(..'p..#
#......#####)#.#####
#.(....#..)........#######
#....ppo.......#..#...
##'++#####W#.#.#'###..#..
. #†@.#...#...'..#'##
#.#8#.#.#.#.#......
#..p#)∆.#...#...†.. ∆
#####)#######......
#)).....#..####
#.......'..#... ∆
#.......#..#...
#.......#..#...
#.......#######


You could see a vault warden, a vault guard, a freezing wraith, an orc warrior
and a friendly lightning spire.

Vanquished Creatures
  Nikola (Snake:3)
  The ghost of Rhok the Pandemonic, an adept HOHu of Makhleb (Snake:4)
  Rupert (D:15)
  A lich (Vaults:2)
  A kraken (Shoals:4)
  Polyphemus (Shoals:3)
  Ilsuiw (Shoals:4)
  A storm dragon (Vaults:2)
  6 nagarajas
  2 frost giants
  4 ironheart preservers
  2 stone giants (Vaults:1)
  Nessos (D:14)
  4 dire elephants (Lair:6)
  4 merfolk javelineers
  Snorg (Lair:4)
  A minotaur (Lab)
  Josephine (D:15)
  3 ettins (Vaults:1)
  6 merfolk impalers
  3 yaktaur captains
  The ghost of Uhlv the Carver, a journeyman MiBe of Trog (D:9)
  3 fire dragons
  Harold (Lair:2)
  A vault guard (Vaults:2)
  13 naga warriors
  4 rakshasas
  7 hydras
  2 merfolk aquamancers
  6 merfolk avatars
  A catoblepas (Shoals:3)
  19 two-headed ogres
  4 anacondas
  8 centaur warriors
  2 dancing weapons (D:14)
  A satyr (Shoals:3)
  Urug (D:9)
  10 death yaks
  4 ogre magi
  3 vampire magi (D:11)
  A thrashing horror (Abyss:2)
  An orc high priest (Orc:1)
  6 shock serpents
  A deep troll earth mage (D:13)
  A tengu warrior (D:13)
  A deep elf knight (Vaults:1)
  13 naga sharpshooters
  Nergalle (Lair:4)
  A wretched star (Abyss:2)
  4 unseen horrors
  A fire crab (shapeshifter) (Vaults:1)
  A death drake (shapeshifter) (D:13)
  2 deep trolls (Orc:2)
  A ghost moth zombie (Abyss:2)
  A salamander mystic (Snake:2)
  18 sea snakes
  3 ironbrand convokers
  3 naga ritualists
  2 starcursed masses (Abyss:2)
  2 deep elf archers (Vaults:1)
  A lindwurm (Lair:4)
  A phantasmal warrior (Vaults:1)
  Pikel (D:8)
  A necromancer (D:15)
  6 orc knights
  11 deep elf magi
  6 mana vipers
  9 harpies
  10 orc sorcerers
  11 ugly things
  A wolf spider (Vaults:2)
  11 cyclopes
  3 wizards
  15 fauns
  9 manticores
  2 salamanders
  27 black mambas
  4 elephants (Lair:6)
  14 merfolk sirens
  A guardian serpent (shapeshifter) (D:13)
  20 naga magi
  3 guardian serpents
  2 water nymphs
  Maurice (D:9)
  5 vault sentinels
  An ice statue (IceCv)
  8 spiny frogs
  An orange demon (Abyss:2)
  5 centaur skeletons
  A gargoyle (D:14)
  4 rime drakes
  2 freezing wraiths
  8 komodo dragons
  A kobold demonologist (D:15)
  A yaktaur (shapeshifter) (Vaults:1)
  An efreet (Abyss:2)
  5 yaktaurs
  A tengu conjurer (D:13)
  14 polar bears
  An ancient zyme (Abyss:2)
  2 saltlings (Vaults:1)
  42 merfolk
  17 trolls
  6 wind drakes
  A meliai (D:13)
  3 hornets
  13 slime creatures
  6 hippogriffs
  8 blink frogs
  6 snapping turtles
  10 dream sheep
  A shadow (D:15)
  2 centaur simulacra (D:15)
  3 water elementals
  A small abomination (Abyss:2)
  3 basilisks
  Grum (D:8)
  7 wraiths
  50 yaks
  5 hungry ghosts
  A vampire mosquito (D:13)
  Menkaure (D:7)
  A harpy simulacrum (Vaults:1)
  A warg (Vaults:2)
  A swamp worm (shapeshifter) (Abyss:2)
  54 nagas
  13 water moccasins
  2 soldier ants
  14 porcupines
  29 orc warriors
  5 black bears
  4 ice beasts
  3 phantoms
  8 sky beasts
  28 ogres
  12 centaurs
  25 wolves
  14 crocodiles
  A big kobold (shapeshifter) (D:12)
  11 big kobolds
  5 gnoll sergeants (D:9)
  17 bullfrogs
  4 scorpions
  22 killer bees
  2 howler monkeys
  6 wights
  2 vampire bats (Lair:5)
  7 crimson imps
  2 bullfrog zombies
  4 lava snakes (Lab)
  9 hounds
  4 jellies
  3 centaur zombies
  10 orc priests
  18 orc wizards
  3 bullfrog skeletons
  2 iguanas (D:5)
  6 worker ants
  A killer bee zombie (D:7)
  A hound zombie (D:9)
  2 hound skeletons (D:11)
  6 gnolls
  23 adders
  3 shadow imps
  An ooze (D:7)
  3 adder skeletons
  2 worms
  A dart slug (D:1)
  5 leopard geckos
  99 orcs
  3 ball pythons
  5 giant cockroaches
  7 hobgoblins
  6 jackals
  5 quokkas
  13 bats
  5 frilled lizards
  7 goblins
  8 kobolds
  2 leopard gecko skeletons
  2 leopard gecko zombies
  7 rats
  6 plants
  5 tentacles (Shoals:4)
1199 creatures vanquished.

Vanquished Creatures (collateral kills)
  A yaktaur captain (Vaults:2)
  A servant of whispers (Vaults:1)
  An ice dragon (Vaults:1)
  An ogre mage (Vaults:2)
  A wizard (Vaults:1)
  3 ironbrand convokers
  A cyclops (Vaults:2)
  A vault sentinel (Vaults:1)
  A white imp (Abyss:2)
11 creatures vanquished.

Vanquished Creatures (others)
  A ghost moth (shapeshifter) (Vaults:1)
  2 polar bears (IceCv)
  A yak (IceCv)
  An orc warrior (Vaults:1)
  A slave (D:8)
  4 wolves (IceCv)
  A gnoll (D:8)
  An orc (D:8)
  A quokka (D:8)
  4 fungi
  5 plants
  5 spectral weapons
  33 tentacles (Shoals:4)
60 creatures vanquished.

Grand Total: 1270 creatures vanquished

Notes
Turn   | Place    | Note
-------+----------+-------------------------------------------
     0 | D:1      | erloom the Gnoll Wanderer began the quest for the Orb.
     0 | D:1      | erloom set off with: a +2 hand crossbow, 27 bolts, a +0 shortbow, 21 arrows, a +0 quarterstaff, a +0 robe, a +0 dagger, a ration
     0 | D:1      | Reached XP level 1. HP: 26/26 MP: 1/1
   106 | D:1      | Reached XP level 2. HP: 33/33 MP: 2/2
   547 | D:1      | Reached XP level 3. HP: 37/38 MP: 3/3
   882 | D:2      | Found a faded altar of an unknown god.
  1058 | D:2      | Reached skill level 1 in Invocations
  1246 | D:2      | Reached skill level 1 in Short Blades
  1246 | D:2      | Reached skill level 1 in Long Blades
  1246 | D:2      | Reached skill level 1 in Axes
  1246 | D:2      | Reached skill level 1 in Maces & Flails
  1246 | D:2      | Reached skill level 1 in Polearms
  1246 | D:2      | Reached skill level 1 in Slings
  1246 | D:2      | Reached skill level 1 in Bows
  1246 | D:2      | Reached skill level 1 in Throwing
  1246 | D:2      | Reached skill level 1 in Armour
  1246 | D:2      | Reached skill level 1 in Dodging
  1246 | D:2      | Reached skill level 1 in Unarmed Combat
  1246 | D:2      | Reached skill level 1 in Spellcasting
  1246 | D:2      | Reached skill level 1 in Evocations
  1560 | D:3      | Reached XP level 4. HP: 45/45 MP: 5/5
  1622 | D:3      | Reached skill level 1 in Conjurations
  1622 | D:3      | Reached skill level 1 in Hexes
  1622 | D:3      | Reached skill level 1 in Charms
  1622 | D:3      | Reached skill level 1 in Summonings
  1622 | D:3      | Reached skill level 1 in Necromancy
  1622 | D:3      | Reached skill level 1 in Translocations
  1622 | D:3      | Reached skill level 1 in Transmutations
  1622 | D:3      | Reached skill level 1 in Fire Magic
  1622 | D:3      | Reached skill level 1 in Ice Magic
  1622 | D:3      | Reached skill level 1 in Air Magic
  1622 | D:3      | Reached skill level 1 in Earth Magic
  1622 | D:3      | Reached skill level 1 in Poison Magic
  1873 | D:3      | Reached XP level 5. HP: 49/51 MP: 6/6
  2059 | D:3      | Found a shattered altar of Ashenzari.
  2718 | D:4      | Found a bloodstained altar of Trog.
  2722 | D:4      | Found Fuiplutu's Gadget Shop.
  2762 | D:4      | Found a blossoming altar of Fedhas.
  2763 | D:4      | Found a sparkling altar of Nemelex Xobeh.
  2840 | D:4      | Reached XP level 6. HP: 55/57 MP: 8/8
  2841 | D:4      | Found a glowing drain.
  2852 | Sewer    | Entered a sewer
  3112 | D:4      | Reached skill level 5 in Staves
  3243 | D:4      | Noticed a phantom
  3280 | D:4      | Killed a phantom
  3280 | D:4      | Reached XP level 7. HP: 59/63 MP: 10/10
  3503 | D:4      | Found a staircase to the Ecumenical Temple.
  3510 | Temple   | Entered the Ecumenical Temple
  3537 | Temple   | Became a worshipper of Warmaster Okawaru
  3804 | D:5      | Entered Level 5 of the Dungeon
  4208 | D:5      | Reached skill level 9 in Fighting
  4208 | D:5      | Reached skill level 5 in Stealth
  4374 | D:5      | Reached * piety under Okawaru
  4374 | D:5      | Reached XP level 8. HP: 55/71 MP: 12/12
  4820 | D:5      | Found Aloly's Gadget Boutique.
  5653 | D:6      | Got a crude leather armour
  5679 | D:6      | Identified the cursed +0 leather armour of Puem {Dex+4} (You found it on level 6 of the Dungeon)
  5851 | D:7      | Found a glowing golden altar of the Shining One.
  5943 | D:7      | Reached ** piety under Okawaru
  5943 | D:7      | Reached XP level 9. HP: 76/76 MP: 14/14
  6236 | D:7      | Noticed Menkaure
  6243 | D:7      | Killed Menkaure
  6543 | D:7      | Reached skill level 5 in Crossbows
  6543 | D:7      | Reached skill level 5 in Shields
  6597 | D:7      | Learned a level 3 spell: Regeneration
  6598 | D:7      | Found a bloodstained altar of Trog.
  7030 | D:8      | Noticed Pikel
  7279 | D:8      | Noticed Grum
  7301 | D:8      | Killed Grum
  7301 | D:8      | Reached skill level 5 in Invocations
  7305 | D:8      | Reached *** piety under Okawaru
  7581 | D:8      | Noticed a two-headed ogre
  7611 | D:8      | Killed a two-headed ogre
  7611 | D:8      | Reached XP level 10. HP: 18/85 MP: 14/17
  8042 | D:8      | Reached skill level 5 in Short Blades
  8042 | D:8      | Reached skill level 5 in Long Blades
  8042 | D:8      | Reached skill level 5 in Axes
  8042 | D:8      | Reached skill level 5 in Maces & Flails
  8042 | D:8      | Reached skill level 5 in Polearms
  8042 | D:8      | Reached skill level 5 in Slings
  8042 | D:8      | Reached skill level 5 in Bows
  8042 | D:8      | Reached skill level 5 in Throwing
  8042 | D:8      | Reached skill level 5 in Armour
  8042 | D:8      | Reached skill level 5 in Dodging
  8042 | D:8      | Reached skill level 5 in Unarmed Combat
  8042 | D:8      | Reached skill level 5 in Spellcasting
  8042 | D:8      | Reached skill level 5 in Evocations
  8402 | D:8      | Reached skill level 10 in Fighting
  8402 | D:8      | Reached skill level 5 in Conjurations
  8402 | D:8      | Reached skill level 5 in Hexes
  8402 | D:8      | Reached skill level 5 in Charms
  8402 | D:8      | Reached skill level 5 in Summonings
  8402 | D:8      | Reached skill level 5 in Necromancy
  8402 | D:8      | Reached skill level 5 in Translocations
  8402 | D:8      | Reached skill level 5 in Transmutations
  8402 | D:8      | Reached skill level 5 in Fire Magic
  8402 | D:8      | Reached skill level 5 in Ice Magic
  8402 | D:8      | Reached skill level 5 in Air Magic
  8402 | D:8      | Reached skill level 5 in Earth Magic
  8402 | D:8      | Reached skill level 5 in Poison Magic
  8402 | D:8      | Reached XP level 11. HP: 92/92 MP: 17/20
  8454 | D:8      | Killed Pikel
  9352 | D:9      | Noticed Uhlv's ghost (journeyman MiBe)
  9750 | D:9      | Reached **** piety under Okawaru
  9982 | D:9      | Noticed a two-headed ogre
  9990 | D:9      | Received a gift from Okawaru
 10022 | D:9      | Killed Uhlv's ghost
 10022 | D:9      | Reached ***** piety under Okawaru
 10027 | D:9      | Killed a two-headed ogre
 10027 | D:9      | Received a gift from Okawaru
 10229 | D:9      | Received a gift from Okawaru
 10229 | D:9      | Reached XP level 12. HP: 99/99 MP: 22/22
 10257 | D:9      | Noticed Maurice
 10268 | D:9      | Killed Maurice
 10557 | D:9      | Noticed a three-headed hydra
 10569 | D:9      | Killed a one-headed hydra
 10569 | D:9      | Reached skill level 11 in Fighting
 10652 | D:9      | Found a staircase to the Orcish Mines.
 10949 | D:10     | Entered Level 10 of the Dungeon
 10967 | D:10     | Noticed a two-headed ogre
 10975 | D:10     | Killed a two-headed ogre
 11314 | D:10     | Got a transparent scimitar
 11320 | D:9      | Identified the +11 scimitar "Leffuv" {antimagic, rPois Int+3 Dex+4} (You found it on level 10 of the Dungeon)
 11416 | D:10     | Received a gift from Okawaru
 11520 | D:10     | Found a staircase to the Lair.
 11651 | D:10     | Found a portal to a secret trove of treasure.
 12048 | Lair:1   | Entered Level 1 of the Lair of Beasts
 12132 | Lair:1   | Received a gift from Okawaru
 13312 | Lair:2   | Upgraded the game from 0.22-a0-301-gf0fe05c to 0.22-a0-303-g4a852b3
 13432 | Lair:2   | Noticed Harold
 13442 | Lair:2   | Killed Harold
 13442 | Lair:2   | Reached XP level 13. HP: 102/106 MP: 8/24
 13761 | Lair:2   | Received a gift from Okawaru
 14051 | Lair:2   | Received a gift from Okawaru
 14404 | Lair:3   | Found a frozen archway.
 14450 | IceCv    | Entered an ice cave
 14587 | IceCv    | Reached ****** piety under Okawaru
 14932 | IceCv    | Received a gift from Okawaru
 14935 | IceCv    | Got a faintly glowing ring mail {god gift}
 14957 | IceCv    | Identified the +2 ring mail "Bilidibe" {rElec rN+} (Okawaru gifted it to you in an ice cave)
 15209 | IceCv    | Learned a level 1 spell: Summon Butterflies
 15796 | IceCv    | Noticed a frost giant
 15819 | IceCv    | Killed a frost giant
 15969 | IceCv    | Got a slimy mace
 15972 | IceCv    | Identified the +4 mace of the Sun {crush, *Rage rF+ MR+ Str+2} (You found it in an ice cave)
 16234 | Lair:3   | Found a staircase to the Shoals.
 16263 | Lair:3   | Reached XP level 14. HP: 84/114 MP: 4/26
 16961 | Lair:4   | Received a gift from Okawaru
 16961 | Lair:4   | Reached skill level 12 in Fighting
 16961 | Lair:4   | Reached skill level 10 in Staves
 17453 | Lair:4   | Noticed Nergalle
 17488 | Lair:4   | Killed Nergalle
 17488 | Lair:4   | Received a gift from Okawaru
 17564 | Lair:4   | Noticed Snorg
 17597 | Lair:4   | Killed Snorg
 17597 | Lair:4   | Received a gift from Okawaru
 17634 | Lair:4   | Found a staircase to the Snake Pit.
 18256 | Lair:5   | Reached skill level 10 in Stealth
 19020 | Lair:6   | Entered Level 6 of the Lair of Beasts
 19031 | Lair:6   | Received a gift from Okawaru
 19180 | Lair:6   | Received a gift from Okawaru
 19180 | Lair:6   | Reached skill level 10 in Invocations
 19278 | Lair:6   | Found a staircase to the Slime Pits.
 19462 | Lair:6   | Got a translucent rapier
 19637 | Lair:6   | Identified the +10 rapier of the Puffball {pierce, rPois} (You found it on level 6 of the Lair of Beasts)
 20450 | Lair:6   | Noticed a dire elephant
 20450 | Lair:6   | Noticed a dire elephant
 20454 | Lair:6   | Noticed a dire elephant
 20464 | Lair:6   | Killed a dire elephant
 20468 | Lair:6   | Killed a dire elephant
 20476 | Lair:6   | Killed a dire elephant
 20487 | Lair:6   | Got an iridescent long sword
 20492 | Lair:6   | Identified Doagg's Papyrus of Shifting Calling
 20505 | Lair:6   | Identified the +5 long sword of Punishment {slice, +Fly rC+ MR+ Int+2} (You found it on level 6 of the Lair of Beasts)
 20697 | Lair:6   | Noticed a dire elephant
 20714 | Lair:6   | Killed a dire elephant
 21130 | D:11     | Identified the Volume of the Supportive Voyage
 21189 | D:11     | Reached XP level 15. HP: 122/122 MP: 17/28
 21209 | D:11     | Found a deep blue altar of Sif Muna.
 21221 | D:11     | Reached skill level 10 in Crossbows
 21221 | D:11     | Reached skill level 10 in Shields
 21282 | D:11     | Paralysed by an orc sorcerer for 5 turns
 21289 | D:11     | Received a gift from Okawaru
 21378 | D:11     | Identified the Grimoire of Flying Execration
 21380 | D:11     | Identified the Catalogue of the Cloudy Voyage
 22777 | D:12     | Learned a level 4 spell: Summon Lightning Spire
 23299 | D:13     | Noticed a frost giant
 23305 | D:13     | HP: 6/121 [frost giant/bolt of cold (43)]
 23557 | D:13     | Reached skill level 10 in Short Blades
 23557 | D:13     | Reached skill level 10 in Long Blades
 23557 | D:13     | Reached skill level 10 in Axes
 23557 | D:13     | Reached skill level 10 in Maces & Flails
 23557 | D:13     | Reached skill level 10 in Polearms
 23557 | D:13     | Reached skill level 10 in Slings
 23557 | D:13     | Reached skill level 10 in Bows
 23557 | D:13     | Reached skill level 10 in Throwing
 23557 | D:13     | Reached skill level 10 in Armour
 23557 | D:13     | Reached skill level 10 in Dodging
 23557 | D:13     | Reached skill level 10 in Unarmed Combat
 23557 | D:13     | Reached skill level 10 in Spellcasting
 23557 | D:13     | Reached skill level 10 in Evocations
 23899 | D:13     | Killed a frost giant
 23957 | D:13     | Identified a scroll of acquirement
 24049 | D:13     | Received a gift from Okawaru
 24061 | D:13     | Got a transparent chain mail {god gift}
 24092 | D:13     | Identified the +9 chain mail of Sin {Str+7} (Okawaru gifted it to you on level 13 of the Dungeon)
 24523 | D:13     | Upgraded the game from 0.22-a0-303-g4a852b3 to 0.22-a0-305-gd21a89c
 24709 | D:14     | Found a labyrinth entrance.
 24715 | Lab      | Entered a labyrinth
 25653 | Lab      | Got a pair of translucent boots
 25666 | Lab      | Identified the +2 pair of boots of the Trees {rC++ Dex-2} (You found it in a labyrinth)
 25771 | D:14     | Noticed Nessos
 25783 | D:14     | Killed Nessos
 26061 | D:14     | Found a gate to the Vaults.
 26285 | D:15     | Entered Level 15 of the Dungeon
 26285 | D:15     | Noticed Rupert
 26300 | D:15     | Killed Rupert
 26315 | D:15     | Reached XP level 16. HP: 129/129 MP: 3/30
 26424 | D:15     | Reached skill level 13 in Fighting
 26552 | D:15     | Noticed Roxanne
 26679 | D:15     | Received a gift from Okawaru
 26688 | D:15     | Got a scorched broad axe {god gift}
 26776 | D:15     | Identified the +6 broad axe of the Demons {chop, +Fly rPois MR+ Str-4} (Okawaru gifted it to you on level 15 of the Dungeon)
 26797 | D:15     | Found a staircase to the Depths.
 27009 | D:15     | Noticed Josephine
 27023 | D:15     | Killed Josephine
 27414 | Orc:1    | Entered Level 1 of the Orcish Mines
 27487 | Orc:1    | Noticed Urug
 27695 | D:9      | Killed Urug
 28054 | Orc:2    | Entered Level 2 of the Orcish Mines
 28134 | Orc:2    | Found a staircase to the Elven Halls.
 28442 | Orc:2    | Received a gift from Okawaru
 28473 | Orc:2    | Found Cifogeuq's Antique Armour Boutique.
 28475 | Orc:2    | Found Ixyr's Weapon Emporium.
 28705 | Orc:2    | Found Cisarch's Assorted Antiques.
 28706 | Orc:2    | Found Mismumoc's Gadget Shop.
 28785 | Orc:2    | Bought a runed hat for 168 gold pieces
 28797 | Orc:2    | Bought a scroll of identify for 62 gold pieces
 28797 | Orc:2    | Bought a scroll of blinking for 232 gold pieces
 29541 | Orc:2    | Learned a level 2 spell: Swiftness
 29773 | Snake:1  | Entered Level 1 of the Snake Pit
 29773 | Snake:1  | Found Zinitusi's Distillery.
 30448 | Snake:1  | Found Gyori's Food Shoppe.
 30454 | Snake:1  | Bought a potion of heal wounds for 95 gold pieces
 30454 | Snake:1  | Bought a potion of curing for 57 gold pieces
 30454 | Snake:1  | Bought a potion of curing for 57 gold pieces
 30454 | Snake:1  | Bought a potion of curing for 57 gold pieces
 30502 | Snake:1  | Received a gift from Okawaru
 30650 | Snake:1  | Reached skill level 10 in Ice Magic
 30700 | Snake:1  | Got a faintly glowing battleaxe
 30703 | Snake:1  | Identified the +1 battleaxe "Ezxid" {chop, rPois Str+2} (You found it on level 1 of the Snake Pit)
 31313 | Shoals:1 | Entered Level 1 of the Shoals
 31374 | Shoals:1 | Reached XP level 17. HP: 137/137 MP: 32/32
 31449 | Shoals:1 | Received a gift from Okawaru
 31504 | Shoals:1 | Received a gift from Okawaru
 31802 | Shoals:1 | Received a gift from Okawaru
 32527 | Shoals:2 | Received a gift from Okawaru
 32951 | D:10     | You paid a toll of 16 scrolls of teleportation to enter a treasure trove
 32952 | Trove    | Entered a treasure trove
 32968 | Trove    | Identified Sif Muna's Collected Works on the Harmful Blaze
 32970 | Trove    | Identified the Handbook of the Lucky Volcanoes
 32993 | Trove    | Got a warped crystal amulet
 32995 | Trove    | Got a clouded ruby amulet
 32997 | Trove    | Got a sparkling ruby amulet
 33050 | D:10     | Identified the amulet of Ysuckozo {Gourm rPois} (You found it in a treasure trove)
 33051 | D:10     | Identified the amulet "Zouckudu" {Acrobat rN+} (You found it in a treasure trove)
 33054 | D:10     | Identified the amulet of the Harvest {+Rage rPois MR+ Int-3} (You found it in a treasure trove)
 33096 | D:10     | Reached XP level 18. HP: 145/145 MP: 33/33
 33110 | D:10     | Learned a level 4 spell: Summon Ice Beast
 34520 | Shoals:3 | Noticed Polyphemus
 34566 | Shoals:3 | Found Ilanlez's General Store.
 34607 | Shoals:3 | Killed Polyphemus
 34640 | Shoals:3 | Bought a potion of heal wounds for 70 gold pieces
 34826 | Shoals:3 | Got a pitted halberd
 34828 | Shoals:3 | Identified the +10 halberd of Gallantry {venom, SInv} (You found it on level 3 of the Shoals)
 34969 | Shoals:3 | Learned a level 3 spell: Spectral Weapon
 35146 | Shoals:3 | Reached skill level 10 in Conjurations
 35146 | Shoals:3 | Reached skill level 10 in Hexes
 35146 | Shoals:3 | Reached skill level 10 in Charms
 35146 | Shoals:3 | Reached skill level 10 in Summonings
 35146 | Shoals:3 | Reached skill level 10 in Necromancy
 35146 | Shoals:3 | Reached skill level 10 in Translocations
 35146 | Shoals:3 | Reached skill level 10 in Transmutations
 35146 | Shoals:3 | Reached skill level 10 in Fire Magic
 35146 | Shoals:3 | Reached skill level 10 in Air Magic
 35146 | Shoals:3 | Reached skill level 10 in Earth Magic
 35146 | Shoals:3 | Reached skill level 10 in Poison Magic
 35345 | Shoals:4 | Entered Level 4 of the Shoals
 35516 | Shoals:3 | Reached skill level 14 in Fighting
 35756 | Shoals:4 | Got a sparkling tin ring
 35759 | Shoals:4 | Identified the ring "Qiohoiwu" {Wiz MR+} (You took it off a merfolk on level 4 of the Shoals)
 35893 | Shoals:4 | Received a gift from Okawaru
 37584 | Shoals:4 | Noticed Ilsuiw
 37824 | Shoals:4 | Reached XP level 19. HP: 124/152 MP: 34/34
 38310 | Shoals:4 | Cast into level 2 of the Abyss (merfolk)
 38318 | Abyss:2  | Found a corrupted altar of Lugonu.
 38451 | Abyss:2  | Received a gift from Okawaru
 38564 | Shoals:4 | Escaped the Abyss
 38823 | Shoals:4 | Killed Ilsuiw
 40164 | Shoals:4 | Got a barnacled rune of Zot
 40934 | D:10     | Learned a level 4 spell: Cause Fear
 42106 | Snake:3  | Received a gift from Okawaru
 42116 | Snake:3  | Got a heavy robe {god gift}
 42389 | Snake:2  | Identified the +1 robe "Zampiaf" {rF- rN+ Regen+} (Okawaru gifted it to you on level 3 of the Snake Pit)
 42435 | Snake:3  | Found Kioruyc's Jewellery Shop.
 42437 | Snake:3  | Found Tuoraud's Gadget Emporium.
 42439 | Snake:3  | Found Vynomew's Jewellery Shop.
 42478 | Snake:3  | Got an ichor-stained crystal plate armour
 42479 | Snake:3  | Identified the +0 crystal plate armour of Summer {*Slow rC+++ Regen+ Str-2 Stlth+} (You acquired it on level 3 of the Snake Pit)
 42598 | Snake:3  | Got a steaming dagger
 42600 | Snake:3  | Identified the cursed +1 dagger of the Orcish Mines {antimagic, Str+4} (You found it on level 3 of the Snake Pit)
 43007 | Snake:3  | Noticed Nikola
 43023 | Snake:3  | Killed Nikola
 43529 | Snake:4  | Entered Level 4 of the Snake Pit
 43534 | Snake:4  | Noticed Rhok's ghost (adept HOHu)
 43555 | Snake:4  | Killed Rhok's ghost
 43709 | Snake:4  | Got a shimmering plate armour
 43710 | Snake:4  | Identified the +4 plate armour of Classification {rPois rN+ SInv} (You found it on level 4 of the Snake Pit)
 44503 | Snake:4  | Received a gift from Okawaru
 44574 | Snake:4  | Got a twisted bardiche {god gift}
 44575 | Snake:4  | Identified the +9 bardiche of Kismet {chop, Str+7} (Okawaru gifted it to you on level 4 of the Snake Pit)
 44888 | Snake:4  | Reached XP level 20. HP: 151/160 MP: 36/36
 45115 | Snake:4  | Got a serpentine rune of Zot
 45760 | Vaults:1 | Entered Level 1 of the Vaults
 45899 | Vaults:1 | HP: 5/160 [fire dragon/blast of flame (18)]
 46220 | Vaults:1 | Received a gift from Okawaru
 47697 | Vaults:1 | Learned a level 5 spell: Summon Forest
 47729 | Vaults:1 | Reached skill level 15 in Fighting
 48319 | Vaults:2 | Received a gift from Okawaru
 48457 | Vaults:2 | Mangled by a vault warden

Vault maps used:
D:1:      dpeg_arrival_rhombi
D:2:      chequers_ecumenical_altar_simple_redux, first_ration
D:3:      cheibrodos_ashenzari_chains, st_stairs_13, serial_bayou_pond_b
D:4:      grunt_temple_overflow_open, portal_sewer_entry_d, serial_shops, shop,
          st_stairs_13
D:5:      serial_shops, shop
D:6:      columned_hall_lemuel
D:7:      basic_altar, trog_three_pillars_becter, uniq_menkaure
D:8:      uniq_grum, uniq_pikel
D:9:      kennysheep_orc_monster_closet_entryway, hangedman_ranch,
          eino_tiny_chamber, uniq_maurice
D:10:     minmay_lair_entry_grove, nicolae_trove_entry_columns
D:11:     evilmike_library_of_no_secrets, kennysheep_small_square
D:13:     evilmike_diamond_1
D:14:     erik_vaults_1, serial_glass, glass_columns_b, glass_columns_c,
          dk_noncrumbling_2, lab_entry_generic, uniq_nessos
D:15:     grunt_enter_depths_magical_seal, minmay_crystal_room,
          grunt_decor_arrowhead, uniq_rupert, uniq_roxanne, uniq_josephine
Temple:   hc_temple_tempest_star
Lair:2:   cheibrodos_lair_reptile_den, serial_bayou_shore_b, lemuel_fruit_tree,
          uniq_harold
Lair:3:   elwin_shoals_entry_stream, portal_ice_cave_rime, beast_lair_carwin_4
Lair:4:   minmay_snake_entry_six_corridors, minivault_11,
          hangedman_lair_generics_rect, uniq_nergalle, uniq_snorg
Lair:5:   nicolae_quartered_pool_little, roderic_batcave
Lair:6:   due_jungle_book, minmay_slime_entry_pillars
Shoals:1: nicolae_shoals_seven_spires
Shoals:3: serial_shops, shop, hangedman_shoals_cup_caves, uniq_polyphemus
Shoals:4: shoals_end_hangedman, shoals_ilsuiw_ice
Snake:1:  minmay_shoptagon
Snake:2:  spider_trap
Snake:3:  nrook_guardian_serpent_ordinary, minmay_shop_grove, uniq_nikola
Snake:4:  minmay_snake_end_coiled, st_stairs_14
Orc:1:    uniq_urug
Orc:2:    st_orc_open
Vaults:1: ontoclasm_vaults_decontamination, grunt_vaults_diagonal,
          nicolae_vaults_alarming, dpeg_vaults_pockets_of_resistance,
          hangedman_vaults_stitches, v_alt_pattern_1, v_alt_pattern_4,
          vaults_room_stairs_pillars, v_misc_27,
          nicolae_vaults_network_quinsquares, vaults_room_hallway,
          vaults_room_door_ring, v_misc_11, portal_desolation_entry_salt
Vaults:2: nicolae_vaults_stairing_the_circle, nicolae_vaults_ninety_degrees,
          vaults_room_glass_cross, v_alt_pattern_6, v_alt_pattern_2,
          minmay_crypt_entry_simple_box, v_misc_10, vaults_room_fours,
          vaults_mumra_lcd, v_alt_pattern_1, v_alt_pattern_3,
          ontoclasm_vaults_hangar, nicolae_vaults_little_squares_3,
          vaults_room_pool, vaults_room_large_hall
Abyss:2:  evilmike_abyss_exit_16
Lab:      labyrinth_lava_lair, nicolae_lab_grate
Trove:    trove_garden
Sewer:    sewer_big_baddie
IceCv:    ice_cave_caverns_02

Skill      XL: |  1  2  3  4  5  6  7  8  9 10 11 12 13 14 15 16 17 18 19 20 |
---------------+-------------------------------------------------------------+-----
Invocations    | 1 2 3 4 5 6 7 8 9 10 11 12 13 14 | 14.1
Short Blades   | 1 2 3 4 6 7 8 9 10 11 12 13 | 13.1
Long Blades    | 1 2 3 4 6 7 8 9 10 11 12 13 | 13.1
Axes           | 1 2 3 4 6 7 8 9 10 11 12 13 | 13.1
Maces & Flails | 1 2 3 4 6 7 8 9 10 11 12 13 | 13.1
Polearms       | 1 2 3 4 6 7 8 9 10 11 12 13 | 13.1
Slings         | 1 2 3 4 6 7 8 9 10 11 12 13 | 13.1
Bows           | 1 2 3 4 6 7 8 9 10 11 12 13 | 13.1
Throwing       | 1 2 3 4 6 7 8 9 10 11 12 13 | 13.1
Armour         | 1 2 3 4 6 7 8 9 10 11 12 13 | 13.1
Dodging        | 1 2 3 4 6 7 8 9 10 11 12 13 | 13.1
Unarmed Combat | 1 2 3 4 6 7 8 9 10 11 12 13 14 | 14.5
Spellcasting   | 1 2 3 4 6 7 8 9 10 11 12 13 | 13.1
Evocations     | 1 2 3 4 6 7 8 9 10 11 12 13 | 13.1
Conjurations   | 1 2 3 4 5 6 7 8 9 10 11 | 11.3
Hexes          | 1 2 3 4 5 6 7 8 9 10 11 | 11.3
Charms         | 1 2 3 4 5 6 7 8 9 10 11 | 11.3
Summonings     | 1 2 3 4 5 6 7 8 9 10 11 | 11.3
Necromancy     | 1 2 3 4 5 6 7 8 9 10 11 | 11.3
Translocations | 1 2 3 4 5 6 7 8 9 10 11 | 11.3
Transmutations | 1 2 3 4 5 6 7 8 9 10 11 | 11.3
Fire Magic     | 1 2 3 4 5 6 7 8 9 10 11 | 11.3
Ice Magic      | 1 2 3 4 5 6 7 8 10 11 12 13 | 13.2
Air Magic      | 1 2 3 4 5 6 7 8 9 10 11 | 11.3
Earth Magic    | 1 2 3 4 5 6 7 8 9 10 11 | 11.3
Poison Magic   | 1 2 3 4 5 6 7 8 9 10 11 | 11.3
Crossbows      | 3 4 5 6 7 8 9 10 11 12 13 | 13.3
Shields        | 3 4 5 6 7 8 9 10 11 12 13 | 13.3
Staves         | 5 6 7 8 9 10 11 12 13 | 13.7
Fighting       | 9 10 11 12 13 14 15 | 15.1
Stealth        | 5 6 7 8 9 10 11 12 13 | 13.6

Action                   |  1- 3 |  4- 6 |  7- 9 | 10-12 | 13-15 | 16-18 | 19-21 || total
-------------------------+-------+-------+-------+-------+-------+-------+-------++-------
Melee: Quarterstaff      |    23 |    15 |       |       |       |       |       ||    38
       Bite              |     1 |     4 |    29 |    57 |   144 |    93 |   106 ||   434
       Dagger            |       |    33 |    81 |       |       |       |       ||   114
       Hand axe          |       |       |   120 |    42 |     9 |       |       ||   171
       Punch             |       |       |     7 |    16 |    62 |    32 |       ||   117
       Whip              |       |       |       |   194 |       |       |       ||   194
       Unarmed           |       |       |       |    14 |       |       |       ||    14
       Scimitar          |       |       |       |   116 |   636 |   276 |       ||  1028
       Executioner's axe |       |       |       |       |       |   109 |       ||   109
       Broad axe         |       |       |       |       |       |    59 |       ||    59
       Halberd           |       |       |       |       |       |   160 |   404 ||   564
       Bardiche          |       |       |       |       |       |       |   246 ||   246
 Fire: Hand crossbow     |    36 |   102 |   143 |   226 |    98 |       |       ||   605
       Arbalest          |       |       |       |       |   367 |   518 |   395 ||  1280
Throw: Javelin           |       |       |     1 |       |       |       |     1 ||     2
       Throwing net      |       |       |       |       |     1 |       |     1 ||     2
 Cast: Regeneration      |       |       |     1 |     2 |     7 |     3 |    38 ||    51
       Summon Lightning  |       |       |       |       |     2 |     1 |    14 ||    17
       Spectral Weapon   |       |       |       |       |       |    10 |    20 ||    30
       Swiftness         |       |       |       |       |       |     1 |     1 ||     2
       Summon Ice Beast  |       |       |       |       |       |       |     3 ||     3
       Cause Fear        |       |       |       |       |       |       |     1 ||     1
       Summon Butterflie |       |       |       |       |       |       |     1 ||     1
Invok: Heroism           |       |       |     4 |     7 |     7 |     2 |    10 ||    30
       Finesse           |       |       |       |     2 |    11 |     1 |     4 ||    18
Evoke: Wand              |       |       |       |       |     4 |       |     2 ||     6
       Lightning rod     |       |       |       |       |       |     4 |     1 ||     5
       Lamp of fire      |       |       |       |       |       |     1 |     1 ||     2
  Use: Scroll            |     5 |     9 |     5 |    13 |    16 |    12 |     9 ||    69
       Potion            |       |       |       |     3 |     7 |     6 |     5 ||    21
 Stab: Sleeping          |     3 |     2 |       |       |     8 |     2 |     2 ||    17
       Distracted        |       |       |     1 |     1 |       |     1 |     4 ||     7
       Invisible         |       |       |       |       |     1 |       |     1 ||     2
       Held in net/web   |       |       |       |       |       |       |     1 ||     1
  Eat: Chunk             |     2 |     5 |    14 |    14 |    38 |    15 |    15 ||   103
       Ration            |       |       |       |     1 |     2 |     7 |     7 ||    17
Armor: Robe              |     3 |     2 |       |       |       |       |       ||     5
       Ring mail         |       |    29 |    20 |       |   153 |   299 |   241 ||   742
       Leather armour    |       |       |    25 |    29 |       |       |       ||    54
       Plate armour      |       |       |       |    93 |    51 |       |       ||   144
       Animal skin       |       |       |       |       |    48 |       |       ||    48
Dodge: Dodged            |     9 |    53 |   137 |   233 |   551 |   678 |   550 ||  2211
Block: Buckler           |       |       |       |       |       |    17 |       ||    17
       Rpst.: Scimitar   |       |       |       |    15 |   104 |    37 |       ||   156

Table legend:
 A = Spawn XP
 B = Non-spawn XP
 C = Spawn XP percentage of total XP
 D = Spawn monster count
 E = Non-spawn monster count
 F = Spawn count percentage of total count
 G = Total turns spent on level
                    A         B        C        D         E        F      G
               +---------+---------+-------+---------+---------+-------+---------
         Total |     162 |  407376 |   0.0 |       1 |    1200 |   0.1 | 48457
               +---------+---------+-------+---------+---------+-------+---------
           D:1 |       0 |      35 |   0.0 |       0 |      20 |   0.0 |   869
           D:2 |       0 |      44 |   0.0 |       0 |      11 |   0.0 |   668
           D:3 |       0 |     152 |   0.0 |       0 |      40 |   0.0 |  1160
           D:4 |       0 |     313 |   0.0 |       0 |      16 |   0.0 |  1002
           D:5 |       0 |    1272 |   0.0 |       0 |      35 |   0.0 |  1408
           D:6 |       0 |     224 |   0.0 |       0 |       9 |   0.0 |   580
           D:7 |       0 |    1468 |   0.0 |       0 |      26 |   0.0 |  1431
           D:8 |       0 |    3797 |   0.0 |       0 |      36 |   0.0 |  2326
           D:9 |       0 |   11506 |   0.0 |       0 |      74 |   0.0 |  1745
          D:10 |       0 |    4222 |   0.0 |       0 |      41 |   0.0 |  1388
          D:11 |       0 |   12963 |   0.0 |       0 |      47 |   0.0 |  1156
          D:12 |       0 |    5462 |   0.0 |       0 |      22 |   0.0 |   789
          D:13 |       0 |   15332 |   0.0 |       0 |      46 |   0.0 |  1735
          D:14 |       0 |    8682 |   0.0 |       0 |      18 |   0.0 |   994
          D:15 |       0 |   14890 |   0.0 |       0 |      37 |   0.0 |  1035
        Lair:1 |       0 |    4903 |   0.0 |       0 |      22 |   0.0 |  1445
        Lair:2 |       0 |    5601 |   0.0 |       0 |      11 |   0.0 |   911
        Lair:3 |       0 |    7420 |   0.0 |       0 |      24 |   0.0 |  1255
        Lair:4 |       0 |   11512 |   0.0 |       0 |      38 |   0.0 |  2002
        Lair:5 |       0 |    1961 |   0.0 |       0 |      18 |   0.0 |   827
        Lair:6 |       0 |   14337 |   0.0 |       0 |      30 |   0.0 |  1720
      Shoals:1 |       0 |   15881 |   0.0 |       0 |      32 |   0.0 |  1276
      Shoals:2 |       0 |    7895 |   0.0 |       0 |      16 |   0.0 |   973
      Shoals:3 |       0 |   28454 |   0.0 |       0 |      48 |   0.0 |  3105
      Shoals:4 |       0 |   36890 |   0.0 |       0 |      66 |   0.0 |  3516
       Snake:1 |       0 |   11438 |   0.0 |       0 |      22 |   0.0 |  1088
       Snake:2 |       0 |   12628 |   0.0 |       0 |      24 |   0.0 |  1432
       Snake:3 |       0 |   16545 |   0.0 |       0 |      25 |   0.0 |  1174
       Snake:4 |       0 |   41918 |   0.0 |       0 |      76 |   0.0 |  2001
         Orc:1 |       0 |    2353 |   0.0 |       0 |      25 |   0.0 |   459
         Orc:2 |       0 |   18451 |   0.0 |       0 |      63 |   0.0 |  1417
      Vaults:1 |       0 |   43159 |   0.0 |       0 |      69 |   0.0 |  1792
      Vaults:2 |       0 |   25246 |   0.0 |       0 |      42 |   0.0 |   670
       Abyss:2 |     162 |    7257 |   2.2 |       1 |      13 |   7.1 |   254
           Lab |       0 |    2104 |   0.0 |       0 |       9 |   0.0 |  1005
         Sewer |       0 |     113 |   0.0 |       0 |       6 |   0.0 |   119
         IceCv |       0 |   10948 |   0.0 |       0 |      43 |   0.0 |  1595
               +---------+---------+-------+---------+---------+-------+---------
